 Dungeon Crawl Stone Soup version 0.22-a0-278-g8f80174 (webtiles) character file.

36687 RoseArtemis the Carver (level 13, -3/122 HPs)
             Began as a Minotaur Fighter on Mar 15, 2018.
             Was the Champion of Okawaru.
             Slain by a seven-headed hydra (22 damage)
             ... on level 6 of the Lair of Beasts.
             The game lasted 01:15:12 (21763 turns).

RoseArtemis the Carver (Minotaur Fighter)          Turns: 21763, Time: 01:15:12

Health: -3/122     AC: 22    Str: 21    XL:     13   Next: 54%
Magic:  14/17      EV: 16    Int:  6    God:    Okawaru [******]
Gold:   725        SH:  0    Dex: 14    Spells: 12/12 levels left

rFire    + + .     SeeInvis +   a - +3 long sword (slice)
rCold    . . .     Gourm    .   c - +0 shield
rNeg     . . .     Faith    .   x - +0 fire dragon scales
rPois    .         Spirit   .   R - +2 hat {SInv}
rElec    .         Reflect  +   C - +1 cloak
rCorr    .         Harm     .   K - +0 pair of gloves
MR       .....                  w - +0 pair of boots
Stlth    +.........             o - +2 amulet of reflection
HPRegen  0.30/turn              v - +3 ring of evasion
MPRegen  0.15/turn              Q - ring of protection from cold

@: about to teleport, sleeping, heroism, finesse, studying Maces & Flails
A: retaliatory headbutt, horns 2
a: Heroism, Finesse, Renounce Religion


You were on level 6 of the Lair of Beasts.
You worshipped Okawaru.
Okawaru was exalted by your worship.
You were not hungry.

You visited 3 branches of the dungeon, and saw 18 of its levels.
You visited 1 bazaar.
You also visited: Ossuary.

You collected 1220 gold pieces.
You spent 495 gold pieces at shops.

Inventory:

Hand Weapons
 a - a +3 long sword of slicing (weapon)
 b - a +0 blowgun
Missiles
 Y - 16 poisoned needles
Armour
 c - a +0 shield (worn)
 w - a +0 pair of boots (worn)
 x - +0 fire dragon scales (worn)
 C - a +1 cloak (worn)
 K - a +0 pair of gloves (worn)
 N - a +0 plate armour
 R - a +2 hat of see invisible (worn)
Jewellery
 e - an uncursed amulet of harm {unknown}
 o - a +2 amulet of reflection (around neck)
 t - an uncursed ring of ice
 v - a +3 ring of evasion (left hand)
 D - an uncursed ring of resist corrosion
 G - an uncursed ring of wizardry {unknown}
 P - an uncursed ring of magical power
 Q - a ring of protection from cold (right hand)
 U - a cursed amulet of harm {unknown}
Wands
 d - a wand of acid (20)
 n - a wand of paralysis (12)
 E - a wand of flame (30)
 H - a wand of enslavement (19)
 J - a wand of iceblast (15)
 M - a wand of polymorph (6)
 O - a wand of digging (44)
 T - a wand of clouds (4)
Scrolls
 h - 3 scrolls of blinking
 j - 4 scrolls of teleportation
 k - 4 scrolls of magic mapping
 m - 9 scrolls of remove curse
 p - 3 scrolls of fear
 q - 4 scrolls of enchant weapon
 s - 2 scrolls of immolation
 y - 3 scrolls of enchant armour
 A - a scroll of fog
 B - 3 scrolls of amnesia
 I - a scroll of torment {unknown}
 S - a scroll of identify
Potions
 g - 2 potions of cancellation
 i - 10 potions of brilliance
 l - 3 potions of resistance
 r - 3 potions of flight
 u - 4 potions of ambrosia
 z - 6 potions of curing
 F - 3 potions of lignification
 L - 2 potions of invisibility
 V - 3 potions of mutation
 W - a potion of haste {unknown}
Books
 X - a manual of Maces & Flails
Comestibles
 f - 39 rations


   Skills:
 + Level 13.5(18.5) Fighting
 + Level 14.5(19.5) Long Blades
 + Level 11.5(16.5) Armour
 * Level 14.1(19.1) Shields
 - Level 7.0 Invocations


You had 12 spell levels left.
You didn't know any spells.

Dungeon Overview and Level Annotations

Branches:
Dungeon (11/15)            Temple (1/1) D:4            Lair (6/6) D:11
  Swamp (0/4) Lair:2       Spider (0/4) Lair:4          Orc (0/2) D:9
  Slime: Lair:5-6

Altars:
Ashenzari
Cheibriados
Dithmenos
Elyvilon
Fedhas
Gozag
Hepliaklqana
Kikubaaqudgha
Makhleb
Nemelex Xobeh
Okawaru
Qazlal
Ru
Sif Muna
Trog
Uskayaw
Vehumet
Wu Jian
Xom
Yredelemnul
Zin
The Shining One
Beogh

Shops:
D:7 *

Annotations:
D:11 Gastronok, Sonja, Urug


Innate Abilities, Weirdness & Mutations

You reflexively headbutt those who attack you in melee.
You have a pair of horns on your head.


Message History

The hippogriff barely misses you.
You block the hippogriff's attack. x2; The hippogriff misses you.
A basilisk comes into view.
The basilisk hisses angrily.
The basilisk gazes at you.
You are slowing down.
Okay, then.
You feel limber!
You feel magically purged.
The hippogriff bites you but does no damage.
You block the hippogriff's attack. x3
The hippogriff pecks you but does no damage.
The hippogriff claws you but does no damage.
As you read the scroll of teleportation, it crumbles to dust.
You feel strangely unstable.
The dream sheep shake their wool and sparkle.
You feel drowsy...
You fall asleep.
The seven-headed hydra closely misses you.
The seven-headed hydra bites you!!
You die...

### ## ####..##.#
...#..#...
.........
.........
........####### .
#.....#PP#..#..
#....@D.......#
#.....#HY.....#.
.......#.YY.....#
+.....##YY.......
###l.. ##.Y.#....
..... #Y.#.##.P
.#......#....#...
.#..............
............


You could see a seven-headed hydra, a hippogriff, a basilisk and 7 dream sheep.

Vanquished Creatures
  Fannar (Lair:1)
  3 hydras
  The ghost of Patate the Cleaver, a novice HOFi of Xom (Lair:1)
  5 two-headed ogres
  3 death yaks
  The ghost of Soeti the Insei, a novice OpTm of Cheibriados (D:9)
  Maurice (D:8)
  2 black mambas
  Joseph (D:8)
  3 elephants (Lair:6)
  Psyche (D:8)
  11 spiny frogs
  A torpor snail (Lair:2)
  2 rime drakes (Lair:6)
  4 komodo dragons
  A troll (D:10)
  Prince Ribbit (D:8)
  A queen bee (Lair:3)
  Grinder (D:4)
  A hornet (D:6)
  10 blink frogs
  3 hippogriffs
  Eustachio (D:5)
  27 yaks
  3 hogs (D:8)
  A human (D:8)
  A basilisk (Lair:3)
  A steam dragon (D:11)
  A hungry ghost (D:10)
  The ghost of Vesto the Skirmisher, an amateur GrFi (D:4)
  10 water moccasins
  5 porcupines
  A hell hound (Lair:6)
  8 orc warriors
  4 sky beasts
  A hornet zombie (D:10)
  An ice beast (D:11)
  A black bear (D:7)
  3 necrophages
  5 ogres
  6 centaurs
  27 wolves
  7 crocodiles
  A big kobold (D:10)
  11 bullfrogs
  4 scorpions
  A wyvern skeleton (D:9)
  3 wights (D:10)
  29 killer bees
  2 electric eels (Lair:1)
  A howler monkey (D:4)
  2 vampire bats (Lair:3)
  4 bullfrog zombies
  5 crimson imps
  3 hounds
  2 jellies
  A gnoll shaman (D:8)
  A quasit (D:5)
  A bullfrog skeleton (D:7)
  13 orc priests
  Crazy Yiuf (D:5)
  10 orc wizards
  A centaur skeleton (D:8)
  3 iguanas
  Ijyb (D:4)
  Natasha (D:4)
  4 hell rats (Lair:2)
  5 worker ants
  A killer bee zombie (D:7)
  2 hound skeletons
  15 mummies
  A howler monkey zombie (D:8)
  A worker ant zombie (D:10)
  8 gnolls (D:8)
  6 adders
  A river rat (Lair:2)
  4 shadow imps
  2 adder skeletons
  An adder zombie (D:7)
  2 worms
  3 dart slugs
  7 leopard geckos
  69 orcs
  A ball python (D:3)
  2 bat zombies (D:8)
  8 giant cockroaches
  5 goblins
  9 hobgoblins
  12 jackals
  11 kobolds
  2 quokkas
  14 bats
  5 frilled lizards
  3 gnoll skeletons (Ossuary)
  A goblin skeleton (Ossuary)
  2 goblin zombies (D:8)
  3 kobold skeletons (Ossuary)
  A leopard gecko zombie (D:8)
  An orc skeleton (Ossuary)
  A quokka skeleton (D:6)
  2 quokka zombies
  11 rats
  11 rat skeletons (Ossuary)
511 creatures vanquished.

Vanquished Creatures (others)
  A bush (Lair:6)
  29 fungi
  9 plants
39 creatures vanquished.

Grand Total: 550 creatures vanquished

Notes
Turn   | Place    | Note
-------+----------+-------------------------------------------
     0 | D:1      | RoseArtemis the Minotaur Fighter began the quest for the Orb.
     0 | D:1      | Reached XP level 1. HP: 19/19 MP: 0/0
   155 | D:1      | Reached XP level 2. HP: 27/27 MP: 1/1
   433 | D:1      | Reached XP level 3. HP: 33/33 MP: 2/2
  1588 | D:3      | Reached XP level 4. HP: 40/40 MP: 3/3
  1890 | D:3      | Reached XP level 5. HP: 27/47 MP: 4/4
  2350 | D:4      | Found a staircase to the Ecumenical Temple.
  2377 | D:4      | Reached skill level 5 in Long Blades
  2613 | Temple   | Entered the Ecumenical Temple
  2859 | Temple   | Became a worshipper of Warmaster Okawaru
  3028 | D:4      | Noticed an ogre
  3038 | D:4      | Killed an ogre
  3038 | D:4      | Reached skill level 5 in Armour
  3038 | D:4      | Reached skill level 5 in Shields
  3038 | D:4      | Reached XP level 6. HP: 20/55 MP: 5/5
  3254 | D:4      | Noticed Vesto's ghost (amateur GrFi)
  3266 | D:4      | Killed Vesto's ghost
  3266 | D:4      | Reached skill level 5 in Fighting
  3525 | D:4      | Reached * piety under Okawaru
  3566 | D:4      | Noticed Grinder
  3578 | D:4      | Killed Grinder
  3578 | D:4      | Reached XP level 7. HP: 61/61 MP: 3/6
  3756 | D:4      | Noticed Ijyb
  3756 | D:4      | Noticed Natasha
  3763 | D:4      | Killed Natasha
  3768 | D:4      | Killed Ijyb
  4189 | D:5      | Entered Level 5 of the Dungeon
  4189 | D:5      | Noticed Eustachio
  4209 | D:5      | Reached ** piety under Okawaru
  4216 | D:5      | Killed Eustachio
  4434 | D:5      | Reached XP level 8. HP: 70/70 MP: 7/7
  4740 | D:5      | Found a runed door.
  5307 | D:5      | Noticed Crazy Yiuf
  5312 | D:5      | Killed Crazy Yiuf
  5393 | D:6      | Reached *** piety under Okawaru
  6237 | D:7      | Noticed a hornet
  6246 | D:6      | Killed a hornet
  6246 | D:6      | Reached **** piety under Okawaru
  6246 | D:6      | Reached XP level 9. HP: 47/79 MP: 8/8
  6499 | D:7      | Found an iron altar of Okawaru.
  6835 | D:7      | Reached skill level 10 in Long Blades
  7063 | D:7      | Found Epoal's Assorted Antiques.
  7069 | D:7      | Bought a pair of gloves for 121 gold pieces
  7575 | D:8      | Noticed Joseph
  7583 | D:8      | Found a sand-covered staircase.
  7606 | D:8      | Killed Joseph
  7613 | D:8      | Noticed Maurice
  7651 | Ossuary  | Entered an ossuary
  8160 | D:8      | Killed Maurice
  8160 | D:8      | Reached ***** piety under Okawaru
  8160 | D:8      | Reached XP level 10. HP: 89/90 MP: 9/9
  8169 | D:8      | Noticed a two-headed ogre
  8185 | D:8      | Killed a two-headed ogre
  8210 | D:8      | Noticed Psyche
  8239 | D:8      | Killed Psyche
  8246 | D:8      | Noticed Prince Ribbit
  8251 | D:8      | Noticed a white ugly thing
  8838 | D:8      | Killed Prince Ribbit
  9251 | D:8      | Received a gift from Okawaru
  9368 | D:8      | Found an ancient bone altar of Kikubaaqudgha.
  9417 | D:9      | Found a staircase to the Orcish Mines.
  9428 | D:9      | Noticed Soeti's ghost (novice OpTm)
  9449 | D:9      | Killed Soeti's ghost
  9513 | D:9      | Noticed a two-headed ogre
  9527 | D:9      | Killed a two-headed ogre
  9527 | D:9      | Reached skill level 1 in Invocations
  9527 | D:9      | Reached XP level 11. HP: 83/99 MP: 10/10
  9636 | D:9      | Noticed a two-headed ogre
  9650 | D:9      | Killed a two-headed ogre
  9650 | D:9      | Reached skill level 10 in Shields
  9925 | D:9      | Reached skill level 10 in Fighting
  9986 | D:9      | Found a roughly hewn altar of Beogh.
 10692 | D:10     | Entered Level 10 of the Dungeon
 10729 | D:10     | Noticed a two-headed ogre
 10745 | D:10     | Killed a two-headed ogre
 11600 | D:10     | Noticed a two-headed ogre
 11610 | D:10     | Killed a two-headed ogre
 12178 | D:11     | Noticed a death yak
 12411 | D:10     | Killed a death yak
 12640 | D:11     | Noticed Sonja
 12681 | D:11     | Noticed a death yak
 12683 | D:11     | Noticed a death yak
 12704 | D:11     | Killed a death yak
 12713 | D:11     | Killed a death yak
 12871 | D:11     | Found a staircase to the Lair.
 12902 | D:11     | Noticed Gastronok
 12905 | D:11     | Noticed Urug
 13246 | D:11     | Reached XP level 12. HP: 98/110 MP: 14/14
 13258 | D:11     | Reached ****** piety under Okawaru
 13404 | D:11     | Found a gateway to a bazaar.
 13414 | Bazaar   | Entered a bazaar
 13414 | Bazaar   | Found Xiomnati's Antique Weapon Shop.
 13440 | Bazaar   | Found Ruixta Locs's Antique Armour Shop.
 13460 | Bazaar   | Found Vanagua's General Store.
 13468 | Bazaar   | Bought 2 potions of curing for 66 gold pieces
 13468 | Bazaar   | Bought an uncursed ring of protection from cold for 275 gold pieces
 13468 | Bazaar   | Bought a potion of curing for 33 gold pieces
 13540 | Lair:1   | Entered Level 1 of the Lair of Beasts
 13619 | Lair:1   | Received a gift from Okawaru
 13620 | Lair:1   | Found the +14 obsidian axe {chop, +Fly SInv *Curse}
 13782 | Lair:1   | Noticed Patate's ghost (novice HOFi)
 13802 | Lair:1   | Killed Patate's ghost
 14725 | Lair:1   | Noticed Fannar
 14756 | Lair:1   | Killed Fannar
 14756 | Lair:1   | Received a gift from Okawaru
 15077 | Lair:1   | Reached skill level 10 in Armour
 15086 | Lair:1   | Reached skill level 5 in Invocations
 16253 | Lair:2   | Found a staircase to the Swamp.
 16299 | Lair:2   | Noticed a five-headed hydra
 17937 | Lair:3   | Noticed a seven-headed hydra
 18517 | Lair:3   | Killed an 11-headed hydra
 19048 | Lair:4   | Reached XP level 13. HP: 116/119 MP: 17/17
 19230 | Lair:4   | Found a hole to the Spider Nest.
 20694 | Lair:6   | Entered Level 6 of the Lair of Beasts
 21094 | Lair:6   | Received a gift from Okawaru
 21763 | Lair:6   | Slain by a seven-headed hydra

Vault maps used:
D:1:      dpeg_arrival_connections, serial_glass, glass_columns_c,
          glass_columns_a
D:4:      minmay_temple_entry_trees, grunt_ministairs_1, uniq_grinder,
          uniq_ijyb, uniq_natasha
D:5:      first_ration, uniq_eustachio, uniq_crazy_yiuf_cottage
D:7:      serial_shops, shop_fountains, basic_altar
D:8:      lemuel_zombie_altar_kikubaaqudgha, nicolae_ossuary_entry_giza,
          grunt_livestock, uniq_psyche, uniq_joseph, uniq_prince_ribbit1,
          uniq_maurice
D:9:      orc_0_dummy, special_room, fungi_pond_lemuel
D:11:     dpeg_lair_monsters, serial_shops, bzr_entry_water, uniq_sonja,
          uniq_urug, uniq_gastronok
Temple:   nicolae_temple_the_god_donut
Lair:1:   minivault_24, serial_bayou_pond_b, serial_bayou_ford_a, minivault_24,
          grunt_forest_large_clearings, uniq_fannar
Lair:2:   swamp_mist, kennysheep_abandoned_house
Lair:3:   special_room, roderic_batcave, grunt_megastairs_1
Lair:4:   spider_nest_entry_web_field
Lair:6:   evil_forest, slime_dummy, grunt_megastairs_4
Bazaar:   bazaar_jpeg_cross
Ossuary:  ossuary_due_small_catacomb

Skill      XL: |  1  2  3  4  5  6  7  8  9 10 11 12 13 |
---------------+----------------------------------------+-----
Long Blades    | 3 4 5 6 7 9 11 12 14 | 14.5
Shields        | 4 5 6 7 8 9 11 12 14 | 14.1
Armour         | 4 5 6 7 8 9 10 11 | 11.5
Fighting       | 4 5 6 7 8 9 11 12 13 | 13.5
Invocations    | 1 4 7 |  7.0

Action                   |  1- 3 |  4- 6 |  7- 9 | 10-12 | 13-15 || total
-------------------------+-------+-------+-------+-------+-------++-------
Melee: Long sword        |    93 |   102 |   363 |  1118 |   258 ||  1934
       Headbutt          |    19 |    27 |    91 |   258 |    66 ||   461
       Unarmed           |       |       |    17 |       |       ||    17
 Fire: Blowgun           |       |       |       |     4 |       ||     4
Invok: Heroism           |       |     1 |     2 |     7 |     3 ||    13
       Finesse           |       |       |       |     4 |     2 ||     6
  Use: Scroll            |     1 |     8 |     7 |    25 |     3 ||    44
       Potion            |       |     1 |     1 |     8 |     1 ||    11
 Stab: Confused          |       |       |     3 |       |       ||     3
       Invisible         |       |       |       |     2 |       ||     2
  Eat: Chunk             |     2 |     3 |     9 |    27 |     4 ||    45
       Ration            |       |     1 |     2 |     2 |     2 ||     7
Armor: Scale mail        |    40 |    33 |    20 |       |       ||    93
       Fire dragon scale |       |       |    79 |   292 |    97 ||   468
       Skin              |       |       |     5 |       |       ||     5
Dodge: Dodged            |    29 |    48 |   147 |   364 |   111 ||   699
Block: Shield            |    38 |    62 |   192 |   723 |   147 ||  1162
       Reflection        |       |       |    13 |    16 |       ||    29
       Other             |       |       |     3 |       |       ||     3
       Rpst.: Long sword |     7 |    14 |    33 |    99 |    12 ||   165

Table legend:
 A = Spawn XP
 B = Non-spawn XP
 C = Spawn XP percentage of total XP
 D = Spawn monster count
 E = Non-spawn monster count
 F = Spawn count percentage of total count
 G = Total turns spent on level
                    A         B        C        D         E        F      G
               +---------+---------+-------+---------+---------+-------+---------
         Total |       0 |   52411 |   0.0 |       0 |     511 |   0.0 | 21763
               +---------+---------+-------+---------+---------+-------+---------
           D:1 |       0 |      48 |   0.0 |       0 |      25 |   0.0 |   522
           D:2 |       0 |      41 |   0.0 |       0 |      15 |   0.0 |  1064
           D:3 |       0 |     140 |   0.0 |       0 |      24 |   0.0 |   768
           D:4 |       0 |     807 |   0.0 |       0 |      19 |   0.0 |  1582
           D:5 |       0 |     901 |   0.0 |       0 |      24 |   0.0 |  1162
           D:6 |       0 |    1190 |   0.0 |       0 |      24 |   0.0 |  1083
           D:7 |       0 |     993 |   0.0 |       0 |      22 |   0.0 |  1176
           D:8 |       0 |    5232 |   0.0 |       0 |      56 |   0.0 |  1331
           D:9 |       0 |    3623 |   0.0 |       0 |      36 |   0.0 |  1275
          D:10 |       0 |    4788 |   0.0 |       0 |      46 |   0.0 |  1725
          D:11 |       0 |    4612 |   0.0 |       0 |      27 |   0.0 |  1060
        Lair:1 |       0 |    6846 |   0.0 |       0 |      37 |   0.0 |  2365
        Lair:2 |       0 |    3828 |   0.0 |       0 |      29 |   0.0 |  1373
        Lair:3 |       0 |    4077 |   0.0 |       0 |      44 |   0.0 |  1591
        Lair:4 |       0 |    3675 |   0.0 |       0 |      16 |   0.0 |   905
        Lair:5 |       0 |    3406 |   0.0 |       0 |      15 |   0.0 |  1202
        Lair:6 |       0 |    7933 |   0.0 |       0 |      19 |   0.0 |   779
       Ossuary |       0 |     271 |   0.0 |       0 |      33 |   0.0 |   476
               +---------+---------+-------+---------+---------+-------+---------
